 Dungeon Crawl Stone Soup version 0.29.1-15-g9cfb28693d (webtiles) character file.

Game seed: 12029691569944013262

42 hawla the Chiller (level 4, -1/33 HPs)
             Began as a Meteoran Ice Elementalist on Mar 8, 2023.
             Slain by Dowan
             ... wielding a +2 dagger of freezing
              (2 damage)
             ... on level 4 of the Dungeon.
             The game lasted 00:02:22 (278 turns).

hawla the Chiller (Meteoran Ice Elementalist)        Turns: 278, Time: 00:02:23

Health: -1/33      AC:  2    Str:  9    XL:     4   Next: 3%
Magic:  2/9        EV: 12    Int: 18    God:
Gold:   43         SH:  0    Dex: 15    Spells: 5/9 levels left

rFire   . . .      SeeInvis .   (no weapon)
rCold   . . .      Faith    .   (no shield)
rNeg    . . .      Spirit   .   a - +0 robe
rPois   +          Reflect  .   (no helmet)
rElec   .          Harm     .   (no cloak)
rCorr   .          Rampage  .   (no gloves)
Will    .....                   (no boots)
Stlth   +.........              (no amulet)
HPRegen 0.11/turn               c - ring of poison resistance
MPRegen 0.11/turn               (no ring)

@: freezing walls, glowing
A: sense surroundings 1, otherworldly, glowing, explore regen
a: no special abilities


You were on level 4 of the Dungeon.
You visited 1 branch of the dungeon, and saw 4 of its levels.

You collected 43 gold pieces.

Inventory:

Armour
 a - a +0 robe (worn)
Jewellery
 c - a ring of poison resistance (left hand)
Wands
 g - a wand of polymorph (4)
Scrolls
 h - a scroll of identify {unknown}
Potions
 b - a potion of magic
 d - 4 potions of curing {unknown}
 e - a potion of invisibility {unknown}
 f - 2 potions of attraction {unknown}


   Skills:
 + Level 2.6 Dodging
 - Level 1.4 Stealth
 + Level 3.0 Spellcasting
 + Level 5.4 Ice Magic


You had 5 spell levels left.
You knew the following spells:

 Your Spells              Type           Power      Damage    Failure   Level
a - Freeze                Ice            88%        1d10      1%          1
b - Frozen Ramparts       Ice            44%        1d7       5%          3

Your spell library contained the following spells:

 Spells                   Type           Power      Damage    Failure   Level
 Ozocubu's Armour         Ice            22%        N/A       5%          3
 Hailstorm                Conj/Ice       12%        3d5       45%         4


Dungeon Overview and Level Annotations

Branches:
Dungeon (4/15) Zot: 2121
 Temple: D:4-7

Altars:

Annotations:
D:4 Dowan, Duvessa


Innate Abilities, Weirdness & Mutations

You passively map a small area around you.
You are easily found by Zot.
You glow in the dark.
You regain HP and MP as you explore.


Message History

You freeze Dowan.
Dowan resists.
Dowan is moderately wounded.
The wall freezes Duvessa but does no damage.
The wall freezes Dowan but does no damage.
Dowan hits you with a +2 dagger of freezing.
Dowan freezes you.
Casting: Freeze (safe; 1% risk of failure)
Confirm with . or Enter, or press ? or * to list all spells.
Aiming: Freeze (safe; 1% risk of failure)
Press: ? - help, Shift-Dir - straight line, f/p - Dowan
Aim: Dowan, wielding a +2 dagger of freezing and wearing a +2 robe of cold resistance (moderately wounded)
You freeze Dowan.
Dowan resists.
Dowan is moderately wounded.
Dowan resists.
The wall freezes Dowan.
Dowan barely misses you.
The wall freezes Duvessa.
Casting: Freeze (safe; 1% risk of failure)
Confirm with . or Enter, or press ? or * to list all spells.
Aiming: Freeze (safe; 1% risk of failure)
Press: ? - help, Shift-Dir - straight line, f - Duvessa, p - Dowan
Aim: Duvessa, wielding a +0 rapier and wearing a +0 leather armour (lightly wounded)
You freeze Duvessa!
Duvessa is moderately wounded.
The wall freezes Duvessa but does no damage.
Duvessa hits you with a +0 rapier!
Dowan completely resists.
The wall freezes Dowan but does no damage.
Dowan hits you with a +2 dagger of freezing.
Dowan freezes you.
* * * LOW HITPOINT WARNING * * *
Casting: Freeze (safe; 1% risk of failure)
Confirm with . or Enter, or press ? or * to list all spells.
Aiming: Freeze (safe; 1% risk of failure)
Press: ? - help, Shift-Dir - straight line, f/p - Duvessa
Aim: Duvessa, wielding a +0 rapier and wearing a +0 leather armour (moderately wounded)
You freeze Duvessa.
Duvessa is moderately wounded.
The wall freezes Duvessa!
Duvessa hits you with a +0 rapier!
* * * LOW HITPOINT WARNING * * *
Dowan resists.
The wall freezes Dowan.
Dowan hits you with a +2 dagger of freezing.
You die...

#.* g?* * #. *.. #.# #. *##.##
#.#** #.##>... ..., .**** ,,
#.....# #.# **.# *# #....# #.#
.#....#
#....######.#####.#.#..
#..#.......ee..>...... , ,
#####..########@.....#*.. *
#......†............###.#*
###...<########.....##..#
#....# #..##..#.####### #...##
######.....†...###
#...######################....
#......<...................>..
#...##########################
#...#


You could see Duvessa and Dowan.

Vanquished Creatures
  Ijyb (D:3)
  An adder (D:3)
  A bat (D:1)
  A giant cockroach (D:4)
  A goblin (D:2)
  A hobgoblin (D:4)
  2 ball pythons
8 creatures vanquished.

Notes
Turn   | Place    | Note
-------+----------+-------------------------------------------
     0 | D:1      | hawla the Meteoran Ice Elementalist began the quest for the
                  | Orb.
     0 | D:1      | Reached XP level 1. HP: 14/14 MP: 5/5
   150 | D:3      | Reached XP level 2. HP: 20/20 MP: 4/6
   164 | D:3      | Reached skill level 5 in Ice Magic
   192 | D:4      | Noticed Ijyb
   215 | D:3      | Killed Ijyb
   216 | D:3      | Reached XP level 3. HP: 14/26 MP: 4/8
   222 | D:4      | Reached XP level 4. HP: 19/33 MP: 3/9
   230 | D:4      | Learned a level 3 spell: Frozen Ramparts
   271 | D:4      | Noticed Dowan
   272 | D:4      | Noticed Duvessa
   278 | D:4      | HP: 1/33 [Duvessa/+0 rapier (8)]
   278 | D:4      | Slain by Dowan

Illustrated notes

Levels and vault maps discovered:
D:1:      elethiomel_arrival_quiet, layout_basic,
          chequers_serial_rivers_small_b, minmay_misc_feat_roman
D:2:      layout_basic, serial_bayou_ford_a
D:3:      layout_loops_ring, chequers_temple_overflow_minitemple,
          hellmonk_ecumenical_altar_lost_god
D:4:      layout_rooms, led_sif_pool, cheibrodos_sewer_entry_bend,
          kennysheep_generic_room_10, uniq_natasha, uniq_duvessa, uniq_pikel,
          uniq_sigmund, uniq_ijyb

Skill      XL: |  1  2 |
---------------+-------+-----
Ice Magic      | 5 |  5.4
Spellcasting   | 3 |  3.0
Dodging        | |  2.6
Stealth        | |  1.4

Action                   |  1- 3 |  4- 6 || total
-------------------------+-------+-------++-------
Melee: Unarmed           |    14 |     1 ||    15
 Cast: Freeze            |    12 |     4 ||    16
       Frozen Ramparts   |       |     2 ||     2
Armor: Robe              |     5 |       ||     5
Dodge: Dodged            |    19 |     2 ||    21
